 Seeded DCSS version 0.27.1-16-g815e20cd7a (webtiles) character file.

Game seed: 8693128602577934268 (custom seed)

822 oldmanjim the Shield-Bearer (level 7, -3/43 HPs)
             Began as a Gargoyle Fighter on Nov 24, 2021.
             Was an Elder of Cheibriados.
             Shot with an arrow by a centaur (5 damage)
             ... on level 6 of the Dungeon.
             The game lasted 00:31:22 (5862 turns).

oldmanjim the Shield-Bearer (Gargoyle Fighter)      Turns: 5862, Time: 00:31:22

Health: -3/43      AC: 15    Str: 29    XL:     7   Next: 95%
Magic:  10/10      EV:  8    Int: 33    God:    Cheibriados [****..]
Gold:   253        SH: 12    Dex: 19    Spells: 8/10 levels left

rFire    . . .     SeeInvis +   b - +0 hand crossbow
rCold    . . .     Faith    .   c - +0 kite shield
rNeg     + . .     Spirit   .   k - +2 scale mail {rPois}
rPois    ∞         Reflect  .   s - +1 helmet {SInv}
rElec    +         Harm     .   (no cloak)
rCorr    .         Rampage  .   (no gloves)
Will     .....                  (no boots)
Stlth    +.........             u - amulet "Gushroq" {RegenMP Stlth+}
HPRegen  0.14/turn              q - +6 ring of intelligence
MPRegen  0.37/turn              o - +6 ring of intelligence

@: very slow
A: sickness immunity, AC +4, negative energy resistance 1, electricity
resistance, torment resistance 1, petrification resistance
a: Renounce Religion, Bend Time, Temporal Distortion, Slouch


You were on level 6 of the Dungeon.
You worshipped Cheibriados.
Cheibriados was greatly pleased with you.
You visited 2 branches of the dungeon, and saw 7 of its levels.

You collected 253 gold pieces.

Inventory:

Hand Weapons
 a - a +0 flail
 b - a +0 hand crossbow (weapon)
Missiles
 l - 60 bolts (quivered ammo)
 m - 54 arrows
 w - 5 poisoned darts
Armour
 c - a +0 kite shield (worn)
 k - a +2 scale mail of poison resistance (worn)
 s - a +1 helmet of see invisible (worn)
Jewellery
 h - an amulet of regeneration
 o - a +6 ring of intelligence (right hand)
 q - a +6 ring of intelligence (left hand)
 t - an amulet of the acrobat
 u - the amulet "Gushroq" (around neck) {RegenMP Stlth+}
   (You found it on level 4 of the Dungeon)

   [amulet of magic regeneration]

   It increases your rate of magic regeneration.
   Stlth:     It makes you more stealthy.
Wands
 n - a wand of iceblast (5)
Scrolls
 e - a scroll of blinking {unknown}
 f - 3 scrolls of identify
 r - 2 scrolls of magic mapping
 v - 2 scrolls of fear {unknown}
 x - a scroll of enchant armour {unknown}
Potions
 d - 3 potions of might
 g - a potion of heal wounds
 i - a potion of flight
 p - 2 potions of curing


   Skills:
 - Level 4.0 Fighting
 - Level 4.0 Maces & Flails
 - Level 3.3 Armour
 + Level 7.8 Shields
 - Level 2.0 Spellcasting
 - Level 2.0 Hexes
 + Level 1.6 Invocations


You had 8 spell levels left.
You knew the following spells:

 Your Spells              Type           Power      Damage    Failure   Level
a - Slow                  Hex            16%        N/A       22%         2

Your spell library contained the following spells:

 Spells                   Type           Power      Damage    Failure   Level
 Corona                   Hex            17%        N/A       16%         1
 Magic Dart               Conj           12%        1d3       34%         1
 Ensorcelled Hibernation  Hex/Ice        18%        N/A       34%         2
 Confusing Touch          Hex            16%        N/A       41%         3
 Tukima's Dance           Hex            16%        N/A       41%         3
 Searing Ray              Conj           6%         3d3       45%         2
 Dazzling Flash           Conj/Hex       18%        N/A       56%         3
 Spider Form              Tmut/Pois      1%         N/A       71%         3
 Vampiric Draining        Necr           1%         2d6       71%         3
 Fulminant Prism          Conj/Hex       4%         3d6       92%         4
 Silence                  Hex/Air        4%         N/A       99%         5
 Agony                    Necr           3%         N/A       100%        5
 Shadow Creatures         Summ           N/A        N/A       100%        6


Dungeon Overview and Level Annotations

Branches:
Dungeon (6/15)             Temple (1/1) D:5

Altars:
Ashenzari
Cheibriados
Dithmenos
Elyvilon
Fedhas
Kikubaaqudgha
Okawaru
Qazlal
Ru
Sif Muna
Vehumet
Wu Jian
Xom
Yredelemnul
The Shining One


Innate Abilities, Weirdness & Mutations

You are immune to sickness and miasma.
Your stone body is resilient. (AC +4)
You are immune to poison.
You resist negative energy. (rN+)
You are resistant to electric shocks. (rElec)
You are resistant to unholy torment.
You are immune to petrification.


Message History

You shoot a bolt. The bolt hits the hound.
The hound is moderately wounded.
a - a +0 flail (weapon)
You sock the hound!
You kill the hound!
Cheibriados thoroughly appreciates the change of pace.
l - 63 bolts (gained 1)
An adder and a centaur come into view.
Found a stone staircase leading down.
You see here a bolt.
b - a +0 hand crossbow (weapon)
You shoot a bolt. The bolt hits the adder!
The adder is severely wounded.
You block the adder's attack. The adder bites you but does no damage.
You shoot a bolt. The bolt hits the adder!
You kill the adder!
Cheibriados thoroughly appreciates the change of pace.
l - 62 bolts (gained 1)
You see here an adder corpse.
The centaur shouts!
The centaur wields a +0 shortbow.
The centaur shoots an arrow.
You block the arrow.
The centaur shoots an arrow.
The arrow barely misses you.
You see here a bolt.
You shoot a bolt. The bolt hits the centaur.
The centaur is lightly wounded.
The centaur shoots an arrow.
The arrow hits you!
The centaur shoots an arrow.
You block the arrow.
You shoot a bolt. The bolt closely misses the centaur.
The centaur shoots an arrow.
The arrow hits you!
The centaur shoots an arrow.
You block the arrow.
The centaur shoots an arrow.
You block the arrow.
The centaur shoots an arrow.
The arrow hits you!
The centaur shoots an arrow.
You block the arrow.
You see here an adder corpse.
The centaur shoots an arrow.
The arrow hits you!
* * * LOW HITPOINT WARNING * * *
Unknown command.
The centaur shoots an arrow.
You block the arrow.
The centaur shoots an arrow.
You block the arrow.
The centaur shoots an arrow.
The arrow hits you.
You die...

#> ........ ..
.......# #. ......+ #.
#..... #. #....
######. #..#
.......#####..########
.....c.(†..@..........
(......#####..##....##
....... #..# ...#
....... #..# ....
......# #..# .##
...... #..# # ......
#..# ####.# #..#
######..# ########


You could see a centaur.

Vanquished Creatures
  Menkaure (D:5)
  A bullfrog (D:6)
  A kobold brigand (D:5)
  A howler monkey (D:3)
  2 bullfrog zombies (D:5)
  A jelly (D:4)
  A hound (D:6)
  An orc priest (D:4)
  A scorpion zombie (D:5)
  Jessica (D:3)
  An iguana (D:5)
  Terence (D:3)
  3 hound skeletons
  3 gnolls (D:2)
  8 adders
  2 ufetubi
  7 worms
  4 dart slugs
  8 orcs
  4 ball pythons
  3 bats
  7 endoplasms
  2 giant cockroaches
  7 goblins
  4 hobgoblins
  6 jackals
  27 kobolds
  A quokka (D:2)
  A frilled lizard (D:1)
  4 rats
114 creatures vanquished.

Vanquished Creatures (others)
  11 plants (D:5)
11 creatures vanquished.

Grand Total: 125 creatures vanquished

Notes
Turn   | Place    | Note
-------+----------+-------------------------------------------
     0 | D:1      | oldmanjim the Gargoyle Fighter began the quest for the Orb.
     0 | D:1      | Reached XP level 1. HP: 14/14 MP: 1/1
   339 | D:1      | Reached XP level 2. HP: 19/19 MP: 2/2
   361 | D:1      | Found a faded altar of an unknown god.
   363 | D:1      | Became a worshipper of Cheibriados the Contemplative
   363 | D:1      | Reached * piety under Cheibriados
   883 | D:2      | Reached XP level 3. HP: 22/24 MP: 3/3
   889 | D:2      | Reached skill level 4 in Shields
   955 | D:2      | Reached ** piety under Cheibriados
  1480 | D:2      | Learned a level 2 spell: Slow
  1638 | D:2      | Reached XP level 4. HP: 16/29 MP: 4/4
  1644 | D:2      | Reached skill level 1 in Spellcasting
  2253 | D:3      | Noticed Jessica
  2256 | D:3      | Killed Jessica
  2257 | D:3      | Reached skill level 5 in Shields
  2257 | D:3      | Reached XP level 5. HP: 33/33 MP: 5/7
  2344 | D:3      | Noticed Terence
  2352 | D:3      | Killed Terence
  2466 | D:3      | Reached *** piety under Cheibriados
  2685 | D:3      | Reached skill level 6 in Shields
  2991 | D:4      | Reached XP level 6. HP: 38/38 MP: 9/9
  3140 | D:4      | Found an iron altar of Okawaru.
  3254 | D:4      | Reached skill level 1 in Hexes
  3574 | D:4      | Identified the amulet "Gushroq" {RegenMP Stlth+}
  3844 | D:5      | Entered Level 5 of the Dungeon
  3981 | D:5      | Found a sacrificial altar of Ru.
  4085 | D:5      | Noticed Menkaure
  4092 | D:5      | Killed Menkaure
  4093 | D:5      | Reached skill level 7 in Shields
  4093 | D:5      | Reached XP level 7. HP: 31/43 MP: 10/10
  4129 | D:5      | Found a staircase to the Ecumenical Temple.
  4213 | Temple   | Entered the Ecumenical Temple
  4718 | D:5      | Reached **** piety under Cheibriados
  5761 | D:5      | Identified the +2 robe of Reason {Rampage rN++ Slay-4}
  5793 | D:6      | Reached skill level 1 in Invocations
  5860 | D:6      | HP: 1/43 [centaur/arrow (13)]
  5862 | D:6      | Shot with an arrow by a centaur

Illustrated notes

Levels and vault maps discovered:
D:1:      dpeg_arrival_boxorama, layout_rooms, chequers_ecumenical_altar_twisty
D:2:      layout_loops_ring
D:3:      layout_rooms, uniq_jessica, uniq_terence
D:4:      layout_rooms, mainiacjoe_overflow_tiny_flanked,
          minmay_misc_feat_doors, kennysheep_potato
D:5:      kennysheep_kobold_camp, layout_loops_corners,
          nicolae_ru_sacrificial_ziggurat, minmay_temple_entry_grid,
          grunt_decor_arrowhead, small_statue_intersection, uniq_menkaure
D:6:      layout_basic, mainiacjoe_overflow_alcove_2, serial_shops,
          nicolae_shop_crystal
Temple:   minmay_temple_forest_path

Skill      XL: |  1  2  3  4  5  6  7 |
---------------+----------------------+-----
Fighting       | 4 |  4.0
Shields        | 4 5 6 7 |  7.8
Spellcasting   | 1 2 |  2.0
Hexes          | 2 |  2.0
Maces & Flails | 3 4 |  4.0
Invocations    | 1 |  1.6
Armour         | |  3.3

Action                   |  1- 3 |  4- 6 |  7- 9 || total
-------------------------+-------+-------+-------++-------
Melee: Flail             |   124 |   110 |    99 ||   333
 Fire: Hunting sling     |       |    56 |    15 ||    71
       Hand crossbow     |       |       |     8 ||     8
  Use: Scroll            |       |     6 |       ||     6
 Stab: Sleeping          |       |       |     1 ||     1
Armor: Scale mail        |    59 |    52 |    43 ||   154
Dodge: Dodged            |    31 |    37 |    26 ||    94
Block: Kite shield       |    63 |    87 |    75 ||   225
